 Seeded DCSS version 0.30-a0-393-g54b8e3be05 (webtiles) character file.

Game seed: 14905575590355933590 (custom seed)

8397 innerfire433 the Trooper (level 11, -19/86 HPs)
             Began as a Demonspawn Delver on Dec 5, 2022.
             Was an Elder of Dithmenos.
             Demolished by a red ugly thing (23 damage)
             ... on level 10 of the Dungeon.
             The game lasted 00:18:53 (8291 turns).

innerfire433 the Trooper (Demonspawn Delver)        Turns: 8291, Time: 00:18:54

Health: -19/86     AC: 28    Str: 21    XL:     11   Next: 9%
Magic:  11/11      EV: 14    Int: 11    God:    Dithmenos [****..]
Gold:   465        SH:  0    Dex: 15    Spells: 10/10 levels left

rFire   . . .      SeeInvis +    n - +4 executioner's axe (vorpal)
rCold   . . .      Faith    +    (shield currently unavailable)
rNeg    . . .      Spirit   .    o - +5 ring mail of Precision Catastrophes {Str+4}
rPois   .          Reflect  .    M - +2 hood of the Assassin {Detection Stab+ Stlth++}
rElec   .          Harm     .    j - +0 cloak
rCorr   .          Rampage  .    I - +0 pair of gloves
Will    .....                    (no boots)
Stlth   ++++++....               F - amulet of faith
HPRegen 2.34/turn                E - ring of see invisible
MPRegen 0.12/turn                (no ring)

@: sanguine armoured, wreathed by umbra
A: horns 2, powered by death 2, spiny 1, sanguine armour 3
a: Renounce Religion, Shadow Step


You were on level 10 of the Dungeon.
You worshipped Dithmenos.
Dithmenos was greatly pleased with you.
You visited 1 branch of the dungeon, and saw 10 of its levels.

You collected 465 gold pieces.

Inventory:

Hand Weapons
 a - a +0 vampiric spear
 n - a +4 vorpal executioner's axe (weapon)
 q - a +5 dagger of draining
 L - a +0 dagger
Armour
 b - a +0 leather armour
 h - a +0 kite shield
 j - a +0 cloak (worn)
 k - a +0 helmet
 o - the +5 ring mail of Precision Catastrophes (worn) {Str+4}
   (You found it on level 5 of the Dungeon)

   Str:       It affects your strength (+4).
 I - a +0 pair of gloves (worn)
 M - the +2 hood of the Assassin (worn) {Detection Stab+ Stlth++}
   (You found it on level 9 of the Dungeon)

   It allows the wearer to sense nearby creatures.
   It allows the wearer to make particularly effective stabbing attacks against
   helpless or unaware enemies with any weapon.
   Stlth:     It makes you much more stealthy.
Jewellery
 E - a ring of see invisible (left hand)
 F - an amulet of faith (around neck)
 J - a ring of resist corrosion
 K - an amulet of guardian spirit
Wands
 g - a wand of digging (8)
 m - a wand of mindburst (3)
 p - a wand of iceblast (13)
 w - a wand of flame (38)
Scrolls
 c - 3 scrolls of fog
 d - 3 scrolls of magic mapping
 e - a scroll of fear
 u - 2 scrolls of noise
 C - 3 scrolls of teleportation
 G - a scroll of poison
 N - a scroll of blinking
Potions
 f - 2 potions of haste
 i - 2 potions of might
 r - 5 potions of degeneration
 s - 5 potions of mutation
 t - 2 potions of heal wounds
 v - 7 potions of curing
 x - a potion of attraction {unknown}
 z - a potion of magic {unknown}
 A - 4 potions of lignification {unknown}
 B - a potion of ambrosia {unknown}
 D - a potion of flight {unknown}
 H - 2 potions of invisibility {unknown}


   Skills:
 + Level 7.9 Fighting
 * Level 7.5(8.1) Axes
 - Level 4.3(6.5) Polearms
 * Level 7.2 Armour
 + Level 6.8 Dodging
 - Level 4.7 Stealth
 - Level 5.5 Shields


You had 10 spell levels left.
You didn't know any spells.
Your spell library contained the following spells:

 Spells                   Type           Power      Damage    Failure   Level
 Kiss of Death            Conj/Necr      0%         2d5       47%         1
 Magic Dart               Conj           0%         1d3       47%         1
 Sandblast                Erth           0%         2d4       47%         1
 Slow                     Hex            0%         N/A       47%         1
 Call Imp                 Summ           0%         N/A       63%         2
 Cigotuvi's Dreadful Rot  Necr/Pois/Air  0%         N/A       63%         2
 Ensorcelled Hibernation  Hex/Ice        0%         N/A       63%         2
 Passwall                 Tmut/Erth      0%         N/A       63%         2
 Poisonous Vapours        Pois/Air       0%         N/A       63%         2
 Confusing Touch          Hex            0%         N/A       85%         3
 Gell's Gravitas          Tloc           0%         N/A       85%         3
 Mephitic Cloud           Conj/Pois/Air  0%         N/A       85%         3
 Ozocubu's Armour         Ice            0%         N/A       85%         3
 Spider Form              Tmut/Pois      0%         N/A       85%         3
 Stone Arrow              Conj/Erth      0%         3d7       85%         3
 Teleport Other           Tloc           0%         N/A       85%         3
 Vampiric Draining        Necr           0%         2d6       85%         3
 Anguish                  Hex/Necr       0%         N/A       99%         4
 Animate Armour           Summ/Erth      0%         N/A       99%         4
 Dispel Undead            Necr           0%         3d6       99%         4
 Dispersal                Tloc           0%         N/A       100%        6
 Ozocubu's Refrigeration  Ice            0%         4d7       100%        7
 Lehudib's Crystal Spear  Conj/Erth      0%         10d2      100%        8


Dungeon Overview and Level Annotations

Branches:
Dungeon (10/15)            Temple (0/1) D:4
   Lair: D:8-11         Orc: D:9-12

Altars:
Cheibriados
Dithmenos
Fedhas
Hepliaklqana
Trog
Vehumet
Wu Jian


Innate Abilities, Weirdness & Mutations

You have a pair of horns on your head.
You regenerate health from kills.
You are partially covered in sharp spines.
When seriously injured, your blood forms very thick armour. (AC +12)


Message History

You kill the centaur!
Dithmenos accepts your kill.
The centaur warrior shoots an arrow.
The arrow barely misses you.
You feel much better.
The centaur warrior shoots an arrow.
The arrow misses you. The orc wizard misses you.
The red ugly thing tail-slaps you.
You are engulfed in flames!!
The centaur warrior shoots an arrow.
The arrow closely misses you.
You slash the orc wizard!
The orc wizard is severely wounded.
You slash the wraith! You hit the red ugly thing.
The wraith is struck by your spines. The wraith closely misses you.
The shadow slips into darkness.
The shadow flickers and vanishes for a moment.
The orc wizard is struck by your spines.
The orc wizard barely misses you.
The red ugly thing tail-slaps you but does no damage.
The centaur warrior unwields a +2 shortbow of freezing.
The centaur warrior is struck by your spines.
The centaur warrior hits you but does no damage.
The centaur warrior kicks you but does no damage.
The orc wizard is struck by your spines.
You kill the orc wizard!
Dithmenos accepts your kill.
You barely miss the wraith. You headbutt the wraith.
You destroy the wraith!
Dithmenos accepts your kill.
You completely miss the red ugly thing. You hit the centaur warrior.
The centaur warrior is struck by your spines.
The centaur warrior hits you but does no damage.
The centaur warrior kicks you but does no damage.
The red ugly thing is struck by your spines.
The red ugly thing tail-slaps you.
You are engulfed in flames!!
* * * LOW HITPOINT WARNING * * *
The centaur warrior is struck by your spines.
The centaur warrior hits you but does no damage.
The centaur warrior kicks you but does no damage.
The red ugly thing tail-slaps you!
* * * LOW HITPOINT WARNING * * *
You are engulfed in flames!!
You die...

##.###....# #....####.###..#
#..##..#.##{##.#...........#
#.##..####. ####.........##
#.#..## ..# ##....#####
#...## .. ###...# ##..## #.
#.##.>## ##....# ###.###
#.#....## ##..#.##
#..Wc.###)##.#..### #..####
#C.)@.##...####...# #.## {
#.....#u....#(..(##..#
#..####
..##.....##...#'##...#
#...#.##{
#.....###.##.#....# #......#
###.### #.#......## ##.#..##
#. #(##.##.## #.....## ..
###..##.# ###....## ..# {
##...##.## #..#..####.
####..........


You could see a red ugly thing, a centaur warrior, a cyclops and a shadow
(invisible).

Vanquished Creatures
  A deep elf pyromancer (D:9)
  A deep elf zephyrmancer (D:9)
  A gargoyle (D:10)
  Maggie (D:9)
  2 trolls
  A hornet (D:5)
  A slime creature (D:10)
  A shadow (D:9)
  2 wraiths
  9 yaks (D:10)
  A vampire (D:7)
  A water moccasin (D:5)
  3 acid dragons
  3 ice beasts
  An orc warrior (D:10)
  A swamp drake (D:9)
  A black bear (D:5)
  9 centaurs
  2 kobold brigands
  A phantom (D:5)
  A gnoll sergeant (D:7)
  4 bullfrogs
  4 scorpions
  2 necrophages
  13 wights (D:9)
  3 killer bees (D:9)
  5 howler monkeys
  A crimson imp (D:9)
  3 orc priests
  4 hounds
  An iron imp (D:9)
  3 iguanas (D:5)
  6 orc wizards
  Ijyb (D:4)
  Natasha (D:4)
  14 adders
  5 gnolls (D:7)
  2 shadow imps
  2 white imps
  An ufetubus (D:6)
  2 dart slugs
  A worm (D:2)
  28 orcs
  11 endoplasms
  5 giant cockroaches
  11 goblins
  4 hobgoblins
  3 jackals (D:3)
  6 quokkas
  12 ball pythons
  5 bats
  5 frilled lizards
  22 kobolds
  6 rats
240 creatures vanquished.

Vanquished Creatures (others)
  An orc wizard (D:9)
  A white imp (D:9)
2 creatures vanquished.

Grand Total: 242 creatures vanquished

Notes
Turn   | Place    | Note
-------+----------+-------------------------------------------
     0 | D:5      | innerfire433 the Demonspawn Delver began the quest for the
                  | Orb.
     0 | D:5      | Reached XP level 1. HP: 18/18 MP: 1/1
   142 | D:5      | Noticed a hound
   157 | D:5      | Killed a hound
   158 | D:5      | Gained mutation: When seriously injured, your blood forms
                  | armour. (AC +12) [demonic ancestry]
   158 | D:5      | Reached XP level 2. HP: 19/24 MP: 2/2
   255 | D:5      | Gained mutation: You regenerate a little health from kills.
                  | [demonic ancestry]
   255 | D:5      | Reached XP level 3. HP: 14/29 MP: 3/3
   345 | D:5      | Noticed a black bear
   367 | D:5      | Killed a black bear
   368 | D:5      | Gained mutation: You are partially covered in sharp spines.
                  | [demonic ancestry]
   368 | D:5      | Reached XP level 4. HP: 11/37 MP: 4/4
   368 | D:5      | Gained mutation: You have a pair of small horns on your
                  | head. [demonic ancestry]
   368 | D:5      | Reached XP level 5. HP: 13/42 MP: 5/5
   780 | D:5      | Gained mutation: When seriously injured, your blood forms
                  | thick armour. (AC +12) [demonic ancestry]
   780 | D:5      | Reached XP level 6. HP: 46/48 MP: 6/6
   786 | D:5      | Noticed an ice beast
   800 | D:5      | Killed an ice beast
   912 | D:5      | Identified the +5 ring mail of Precision Catastrophes
                  | {Str+4}
   948 | D:5      | Noticed a water moccasin
   957 | D:5      | Killed a water moccasin
   958 | D:5      | Gained mutation: When seriously injured, your blood forms
                  | very thick armour. (AC +12) [demonic ancestry]
   958 | D:5      | Reached XP level 7. HP: 39/55 MP: 7/7
  1153 | D:5      | Noticed a hornet
  1170 | D:5      | Paralysed by a hornet for 1 turns
  1177 | D:5      | Paralysed by a hornet for 1 turns
  1178 | D:5      | Killed a hornet
  1347 | D:5      | Reached skill level 5 in Fighting
  1595 | D:5      | Reached XP level 8. HP: 62/62 MP: 8/8
  1674 | D:4      | Reached skill level 5 in Shields
  1918 | D:4      | Noticed Natasha
  1930 | D:4      | Killed Natasha
  1973 | D:4      | Noticed Ijyb
  1987 | D:4      | Killed Ijyb
  2245 | D:4      | Found a staircase to the Ecumenical Temple.
  2777 | D:3      | Reached skill level 1 in Axes
  3712 | D:2      | Found a faded altar of an unknown god.
  3731 | D:2      | Prayed at the altar of an unknown god.
  3731 | D:2      | Became a worshipper of Dithmenos the Shadowed
  3731 | D:2      | Reached * piety under Dithmenos
  3807 | D:2      | Found a bloodstained altar of Trog.
  4897 | D:6      | Identified the +1 ring mail of the Albatross {rF+}
  4924 | D:6      | Reached skill level 1 in Armour
  5348 | D:6      | Reached ** piety under Dithmenos
  5421 | D:6      | Identified the +0 pair of gloves "Cuwnin" {Rampage rF+ rC+
                  | Slay+2}
  5622 | D:7      | Reached skill level 5 in Dodging
  5622 | D:7      | Reached XP level 9. HP: 43/69 MP: 9/9
  5975 | D:7      | Found a hazy altar of Hepliaklqana.
  6663 | D:8      | Reached *** piety under Dithmenos
  6994 | D:8      | Found a bloodstained altar of Trog.
  7153 | D:9      | Reached skill level 5 in Axes
  7191 | D:9      | Noticed Maggie
  7199 | D:9      | Killed Maggie
  7200 | D:9      | Reached skill level 5 in Armour
  7273 | D:9      | Gained mutation: You regenerate health from kills. [demonic
                  | ancestry]
  7273 | D:9      | Reached XP level 10. HP: 77/77 MP: 10/10
  7476 | D:9      | Found a faded altar of an unknown god.
  7476 | D:9      | Found a blossoming altar of Fedhas.
  7483 | D:9      | Found an ornate altar of the Wu Jian Council.
  7485 | D:9      | Found a radiant altar of Vehumet.
  7487 | D:9      | Found a snail-covered altar of Cheibriados.
  7546 | D:9      | Reached **** piety under Dithmenos
  7611 | D:9      | Found the +2 hood of the Assassin {Detection Stab+ Stlth++}
  7611 | D:9      | Noticed a deep elf pyromancer
  7617 | D:9      | Killed a deep elf pyromancer
  7694 | D:9      | Noticed a deep elf zephyrmancer
  7697 | D:9      | Killed a deep elf zephyrmancer
  8033 | D:10     | Entered Level 10 of the Dungeon
  8191 | D:10     | Gained mutation: You have a pair of horns on your head.
                  | [demonic ancestry]
  8191 | D:10     | Reached XP level 11. HP: 83/86 MP: 11/11
  8283 | D:10     | Noticed a centaur warrior
  8283 | D:10     | Noticed a red ugly thing
  8291 | D:10     | HP: 4/86 [red ugly thing (8)]
  8291 | D:10     | Demolished by a red ugly thing

Illustrated notes

Levels and vault maps discovered:
D:1:      minmay_arrival_plants_in_alcoves, layout_rooms
D:2:      layout_basic, hellmonk_ecumenical_altar_zigzags, basic_altar
D:3:      layout_loops_cross, mainiacjoe_overflow_24_doors,
          ebering_dispersal_statue_hall, roderic_malta_cross
D:4:      minmay_clustersquares, layout_basic, temple_doors_e,
          minmay_snake_closets, uniq_natasha, uniq_ijyb
D:5:      layout_basic, kennysheep_generic_room_11
D:6:      layout_loops_corners
D:7:      layout_gridville, worldfamousw_hep_ancestral_shrine,
          minmay_misc_feat_tower, st_stairs_6
D:8:      layout_loops_ring, general_overflow_altar
D:9:      layout_irregular_city, chequers_temple_overflow_minitemple, tso_altar,
          hangedman_minor_magic, uniq_maggie
D:10:     layout_loops_ring, serial_shops, nicolae_shop_overgrown_old_shop,
          minmay_fractal_squares_gapless_7

Skill      XL: |  1  2  3  4  5  6  7  8  9 10 |
---------------+-------------------------------+-----
Polearms       | 2 3 4 |  4.3
Dodging        | 2 3 4 5 6 |  6.8
Shields        | 2 3 4 5 |  5.5
Fighting       | 4 5 6 7 |  7.9
Axes           | 3 5 7 |  7.5
Armour         | 2 5 7 |  7.2
Stealth        | |  4.7

Action                   |  1- 3 |  4- 6 |  7- 9 | 10-12 || total
-------------------------+-------+-------+-------+-------++-------
Melee: Spear             |    44 |    58 |   175 |       ||   277
       Headbutt          |       |    12 |    55 |    16 ||    83
       Executioner's axe |       |       |   171 |    67 ||   238
  Use: Potion            |     1 |       |       |     2 ||     3
       Scroll            |       |     2 |     5 |     6 ||    13
 Stab: Sleeping          |       |     1 |    32 |    10 ||    43
       Distracted        |       |       |     1 |       ||     1
Armor: Leather armour    |    25 |     7 |       |       ||    32
       Ring mail         |       |     3 |   138 |    41 ||   182
Dodge: Dodged            |    37 |    17 |   169 |    89 ||   312
Block: Kite shield       |    34 |    27 |    59 |       ||   120

Table legend: (Time is in decaauts)
 A = Elapsed time spent in this place.
 B = Non-inter-level travel time spent in this place.
 C = Inter-level travel time spent in this place.
 D = Time resting spent in this place.
 E = Time spent auto-exploring this place.
 F = Levels seen in this place.
 G = Mean time per level.
                   A        B        C        D        E       F      G
               +--------+--------+--------+--------+--------+-----+--------+
         Total |   8496 |   8029 |    467 |      0 |   6015 |  10 |  849.6 |
       Dungeon |   8496 |   8029 |    467 |      0 |   6015 |  10 |  849.6 |
               +--------+--------+--------+--------+--------+-----+--------+

Top non-repeatable levels by time:
     D:5: 1686 daAuts
     D:4: 1149 daAuts
     D:2: 945 daAuts
     D:9: 917 daAuts
     D:7: 861 daAuts
     D:8: 740 daAuts
     D:6: 732 daAuts
     D:3: 677 daAuts
     D:1: 515 daAuts
    D:10: 271 daAuts
